 Dungeon Crawl Stone Soup version 0.20.0-8-g6b59dc7 (webtiles) character file.

46 Chaoticas the Caller (level 3, -5/24 HPs)
             Began as a Barachi Summoner on June 1, 2017.
             Slain by hotbaconsauce's ghost (9 damage)
             ... on level 3 of the Dungeon.
             The game lasted 00:07:49 (2261 turns).

Chaoticas the Caller (Barachi Summoner)             Turns: 2261, Time: 00:07:50

Health: -5/24      AC:  2    Str:  9    XL:     3   Next: 68%
Magic:  2/7        EV: 12    Int: 16    God:
Gold:   79         SH:  0    Dex: 12    Spells: 5/8 levels left

rFire    . . .     SeeInvis .   n - -3 short sword (curse)
rCold    . . .     Gourm    .   (no shield)
rNeg     . . .     Faith    .   a - +0 robe
rPois    .         Spirit   .   (no helmet)
rElec    .         Reflect  .   (no cloak)
rCorr    .         Harm     .   (no gloves)
MR       .....                  (no boots)
Stlth    ++........             (no amulet)
Regen    0.1/turn               (no ring)
MPRegen  0.1/turn               (no ring)

@: slow
A: +LOS, swims, slowness 1, strong legs 1
a: Hop


You were on level 3 of the Dungeon.
You were hungry.

You visited 1 branch of the dungeon, and saw 3 of its levels.

You collected 79 gold pieces.

Inventory:

Hand Weapons
 k - a +0 dagger
   (You took it off a kobold on level 1 of the Dungeon)
 n - a cursed -3 short sword (weapon)
   (You found it on level 2 of the Dungeon)
Armour
 a - a +0 robe (worn)
 l - a +0 leather armour
   (You found it on level 2 of the Dungeon)
Scrolls
 d - a scroll of teleportation {unknown}
 e - a scroll of magic mapping
 i - a scroll of recharging {unknown}
 p - a scroll of enchant weapon {unknown}
Potions
 g - 2 potions of might {unknown}
 h - 2 potions of curing {unknown}
 j - 3 potions of cancellation {unknown}
 m - a potion of lignification {unknown}
 o - a potion of ambrosia {unknown}
 q - 2 potions of flight {unknown}
Books
 b - a book of Callings

   Spells                             Type                      Level
   a - Summon Small Mammal            Summoning                    1
   b - Call Imp                       Summoning                    2
   c - Call Canine Familiar           Summoning                    3
   d - Summon Guardian Golem          Hexes/Summoning              3
   e - Summon Lightning Spire         Summoning/Air                4
   f - Summon Ice Beast               Ice/Summoning                4
Comestibles
 c - 3 bread rations
 f - 6 chunks of flesh


   Skills:
 - Level 2.1 Dodging
 - Level 1.7 Stealth
 + Level 3.1 Spellcasting
 * Level 5.7 Summonings


You had 5 spell levels left.
You knew the following spells:

 Your Spells              Type           Power        Failure   Level  Hunger
a - Summon Small Mammal   Summ           ###.         1%          1    None
b - Call Imp              Summ           ###.....     2%          2    ##.....


Dungeon Overview and Level Annotations

Branches:
Dungeon (3/15)

Altars:
Ashenzari
Okawaru

Annotations:
D:3 hotbaconsauce's ghost, amateur GrFi


Innate Abilities, Weirdness & Mutations

Shadows flee at your approach. (+LOS)
You can swim through water.
You cover ground slowly.
You can hop short distances.


Message History

A beastly little devil appears in a puff of flame.
* * * LOW MAGIC WARNING * * *
Hotbaconsauce's ghost hits you.
* * * LOW HITPOINT WARNING * * *
Your crimson imp hits hotbaconsauce's ghost but does no damage.
What are your orders? t - Ribbit!
Orders for allies: a - Attack new target. p - Attack previous target. r - Retreat! s - Stop attacking. g - Guard the area. f - Follow me.
Anything else - Cancel.
Gang up on whom?
Press: ? - help, Dir - move target cursor, f/p - hotbaconsauce's ghost
Aim: hotbaconsauce's ghost (moderately damaged) Attack!
Hotbaconsauce's ghost hits you.
* * * LOW HITPOINT WARNING * * *
Your crimson imp hits hotbaconsauce's ghost but does no damage. x3
Hotbaconsauce's ghost hits your crimson imp!
Your crimson imp hits hotbaconsauce's ghost but does no damage.
Your crimson imp blinks!
Your crimson imp hits hotbaconsauce's ghost but does no damage.
Hotbaconsauce's ghost misses your crimson imp.
Your crimson imp hits hotbaconsauce's ghost but does no damage.
Your crimson imp blinks!
Your crimson imp barely misses hotbaconsauce's ghost.
Hotbaconsauce's ghost misses your crimson imp.
Your crimson imp hits hotbaconsauce's ghost but does no damage.
Your crimson imp barely misses hotbaconsauce's ghost.
Hotbaconsauce's ghost hits your crimson imp.
Your crimson imp hits hotbaconsauce's ghost but does no damage.
Your crimson imp blinks!
Your crimson imp hits hotbaconsauce's ghost but does no damage.
Hotbaconsauce's ghost ripples.
Hotbaconsauce's ghost hits your crimson imp!
Your crimson imp dies!
Your crimson imp hits hotbaconsauce's ghost but does no damage.
Your crimson imp hits hotbaconsauce's ghost but does no damage.
Hotbaconsauce's ghost hits you.
* * * LOW HITPOINT WARNING * * *
Your crimson imp hits hotbaconsauce's ghost but does no damage.
Your crimson imp barely misses hotbaconsauce's ghost.
Your crimson imp blinks!
Your crimson imp hits hotbaconsauce's ghost but does no damage.
Hotbaconsauce's ghost barely misses you.
A frilled lizard comes into view.
Your crimson imp hits hotbaconsauce's ghost but does no damage.
Your crimson imp blinks!
Your crimson imp blinks!
Hotbaconsauce's ghost hits you!
You die...

###+#### ###
##≈≈.≈≈≈### ..#
##≈≈....≈≈≈## #.#
#≈≈...@.(.≈≈## #.###
#≈...W♣....≈≈# ###....
+....5.≈≈≈..≈## #<.....
#≈...≈..l≈..≈≈# #...<..
#≈...≈.♣.≈...≈# #......
#≈≈..≈.(.≈...≈###.....#
##≈..≈≈≈.≈...÷'......##
#≈≈....♣....≈#.÷...##
##≈≈..5....≈≈#.#.[.#


You could see hotbaconsauce's ghost, a frilled lizard and a friendly crimson
imp.

Vanquished Creatures
  A worm (D:2)
  A bat (D:1)
  2 goblins
  3 hobgoblins
  2 frilled lizards (D:2)
  2 rats
11 creatures vanquished.

Vanquished Creatures (collateral kills)
  An adder (D:3)
  2 worms
  2 leopard geckos (D:2)
  3 giant cockroaches
  6 goblins
  6 hobgoblins
  4 jackals (D:2)
  2 kobolds
  2 bats
  4 frilled lizards
  A rat (D:3)
33 creatures vanquished.

Grand Total: 44 creatures vanquished

Notes
Turn   | Place    | Note
-------+----------+-------------------------------------------
     0 | D:1      | Chaoticas the Barachi Summoner began the quest for the Orb.
     0 | D:1      | Reached XP level 1. HP: 13/13 MP: 3/3
   111 | D:1      | Reached skill level 5 in Summonings
   437 | D:1      | Found a shattered altar of Ashenzari.
   519 | D:1      | Reached XP level 2. HP: 19/19 MP: 3/5
  1177 | D:2      | Learned a level 2 spell: Call Imp
  1434 | D:2      | Reached XP level 3. HP: 14/24 MP: 7/7
  1943 | D:2      | Found an iron altar of Okawaru.
  2157 | D:3      | Reached skill level 3 in Spellcasting
  2216 | D:3      | Noticed hotbaconsauce's ghost (amateur GrFi)
  2243 | D:3      | HP: 12/24 [hotbaconsauce's ghost (6)]
  2255 | D:3      | HP: 4/24 [hotbaconsauce's ghost (3)]
  2261 | D:3      | Slain by hotbaconsauce's ghost

Skill      XL: |  1  2  3 |
---------------+----------+-----
Summonings     | 5 |  5.7
Spellcasting   | 3 |  3.1
Dodging        | |  2.1
Stealth        | |  1.7

Action                   || total
-------------------------++-------
Melee: Unarmed           ||    26
       Dagger            ||    37
       Short sword       ||    16
 Cast: Summon Small Mamm ||    31
       Call Imp          ||    13
  Use: Scroll            ||     2
  Eat: Chunk             ||     5
Armor: Robe              ||    12
Dodge: Dodged            ||    56
